 Dungeon Crawl Stone Soup version 0.13-a0-3076-g221303f (webtiles) character file.

399 Malachi the Ruinous (level 5, -4/38 HPs)
             Began as a Demigod Conjurer on Sept 17, 2013.
             Slain by an iguana (12 damage)
             ... on Level 4 of the Dungeon.
             The game lasted 00:09:13 (4529 turns).

Malachi the Ruinous (Demigod Conjurer)              Turns: 4529, Time: 00:09:13

HP  -4/38        AC  4     Str 11      XL: 5   Next: 66%
MP  17/23        EV 13     Int 21      God:
Gold 135         SH  0     Dex 17      Spells:  2 memorised,  6 levels left

Res.Fire  : . . .   See Invis. : .   n - +3,+0 dwarf mace (distort)
Res.Cold  : . . .   Warding    : .   q - +2 robe
Life Prot.: . . .   Conserve   : .   (no shield)
Res.Poison: +       Res.Corr.  : .   (no helmet)
Res.Elec. : .       Clarity    : .   (no cloak)
Sust.Abil.: . .     Spirit.Shd : .   (no gloves)
Res.Mut.  : .       Stasis     : .   (no boots)
Res.Rott. : .       Flight     : .   (no amulet)
Saprovore : . . .                    p - ring of poison resistance
                                     h - ring of magical power

@: slightly resistant to hostile enchantments, fairly stealthy
A: no striking features
a: no special abilities


You were on level 4 of the Dungeon.
You were hungry.

You visited 1 branch of the dungeon, and saw 4 of its levels.

You collected 115 gold pieces.

Inventory:

Hand weapons
 j - a +0,+0 dagger (quivered)
 n - a +3,+0 dwarven mace of distortion (weapon)
Armour
 q - a +2 robe (worn)
Comestibles
 b - a bread ration
 g - 2 meat rations
Scrolls
 a - a scroll of remove curse {unknown}
 f - a scroll of fog {unknown}
 k - a scroll of identify
 o - a scroll of magic mapping {unknown}
 s - a scroll of teleportation {unknown}
 v - 2 scrolls of amnesia {unknown}
Jewellery
 h - a ring of magical power (left hand)
 p - a ring of poison resistance (right hand)
 r - an uncursed ring of ice {unknown}
Potions
 d - a potion of brilliance {unknown}
 e - a potion of restore abilities {unknown}
 i - 2 potions of curing {unknown}
 l - a potion of heal wounds {unknown}
 m - a potion of speed {unknown}
 t - a potion of berserk rage {unknown}
 u - a potion of magic {unknown}
 w - a potion of slowing {unknown}
Books
 c - a book of Conjurations

   Spells                             Type                      Level
   *Magic Dart                        Conjuration                  1
   *Searing Ray                       Conjuration                  2
   Dazzling Spray                     Conjuration/Hexes            3
   Iskenderun's Mystic Blast          Conjuration                  4
   Iskenderun's Battlesphere          Conjuration/Charms           4
   Fulminant Prism                    Conjuration/Hexes            5


   Skills:
 + Level 0.1 Fighting
 + Level 0.3 Maces & Flails
 + Level 2.9 Dodging
 + Level 2.3 Stealth
 + Level 0.5 Unarmed Combat
 * Level 2.6 Spellcasting
 * Level 5.0 Conjurations


You had 6 spell levels left.
You knew the following spells:

 Your Spells              Type           Power        Failure   Level  Hunger
a - Magic Dart            Conj           ###.         1%          1    None
b - Searing Ray           Conj           ###...       2%          2    ##.....


Dungeon Overview and Level Annotations

Branches:
Dungeon (4/27)
 Temple: D:4-7


Message History

The iguana bites you!
The searing ray hits the iguana.
The iguana is moderately wounded.
The iguana bites you!
The searing ray hits the iguana.
The iguana is heavily wounded.
The iguana misses you.
The searing ray misses the iguana.
The iguana closely misses you. The iguana bites you. The iguana bites you!
* * * LOW HITPOINT WARNING * * *
Casting: Searing Ray
Confirm with . or Enter, or press ? or * to list all spells.
Aiming: Magic Dart
Press: ? - help, Shift-Dir - straight line, f/p - iguana
Aim: an iguana (heavily wounded)
The magic dart hits the iguana.
The iguana is severely wounded.
The iguana bites you!
You die...

......# ########
........ ######## #####
###### ....# #....####
....# #.####........
....# #......l.......
....# #@# ....# #.#
##### ##'### # #....# #
#....# # #....#
###############....#
...................#####
##############..........


You could see an iguana.

Vanquished Creatures
  An orc priest (D:4)
  A hound (D:4)
  Jessica (D:2)
  Terence (D:2)
  3 gnolls
  4 adders
  An inept feature mimic (D:2)
  A worm (D:3)
  A giant gecko (D:2)
  4 oozes
  4 orcs (D:4)
  6 bats
  3 giant cockroaches
  12 goblins
  14 hobgoblins
  4 giant newts
  11 jackals
  8 kobolds
  11 rats
  A rat skeleton (D:2)
92 creatures vanquished.

Vanquished Creatures (others)
  An ooze (D:4)
  A hobgoblin (D:2)
2 creatures vanquished.

Grand Total: 94 creatures vanquished

Notes
Turn   | Place    | Note
--------------------------------------------------------------
     0 | D:1      | Malachi, the Demigod Conjurer, began the quest for the Orb.
     0 | D:1      | Reached XP level 1. HP: 14/14 MP: 5/5
   329 | D:1      | Reached XP level 2. HP: 15/20 MP: 3/6
   516 | D:1      | Reached skill level 4 in Conjurations
  1305 | D:1      | Reached XP level 3. HP: 26/26 MP: 2/8
  1831 | D:2      | Found a glowing golden altar of the Shining One.
  2021 | D:2      | Noticed Jessica
  2023 | D:2      | Found a shattered altar of Ashenzari.
  2043 | D:2      | Killed Jessica
  2043 | D:2      | Reached XP level 4. HP: 11/33 MP: 11/11
  2300 | D:2      | Learned a level 2 spell: Searing Ray
  2320 | D:2      | Noticed Terence
  2327 | D:2      | Killed Terence
  2678 | D:2      | Found a radiant altar of Vehumet.
  2678 | D:2      | Found a glowing silver altar of Zin.
  2683 | D:2      | Found a sparkling altar of Nemelex Xobeh.
  2684 | D:2      | Found a basalt altar of Yredelemnul.
  3208 | D:3      | Reached XP level 5. HP: 38/38 MP: 13/13
  3936 | D:4      | Found a viscous altar of Jiyva.
  4281 | D:4      | Reached skill level 5 in Conjurations
  4529 | D:4      | Slain by an iguana

Action                   |  1- 3 |  4- 6 || total
-------------------------+-------+-------++-------
Melee: Unarmed           |    11 |       ||    11
       Dagger            |    11 |       ||    11
       Mace              |    48 |    35 ||    83
 Cast: Magic Dart        |    60 |    47 ||   107
       Searing Ray       |       |    18 ||    18
  Use: Scroll            |     4 |       ||     4
 Stab: Sleeping          |       |     1 ||     1
